 Dungeon Crawl Stone Soup version 0.30-a0-989-g0d87f670db (webtiles) character file.

Game seed: 5751738044524406098

1560 Lavandula the Martial Artist (level 8, 0/54 (58) HPs)
             Began as a Merfolk Transmuter on Mar 29, 2023.
             Was a Believer of Ashenzari.
             Slain by a wight
             ... wielding a +5 falchion
              (3 damage)
             ... on level 6 of the Dungeon on Apr 3, 2023.
             The game lasted 00:14:28 (6253 turns).

Lavandula the Martial Artist (Merfolk Transmuter)   Turns: 6253, Time: 00:14:29

HP:   0/54 (58)     AC:  2    Str: 12    XL:     8   Next: 89%
MP:   1/11          EV: 25    Int: 13    God:    Ashenzari [**....]
Gold: 223           SH:  0    Dex: 19    Spells: 5/11 levels left

rFire   . . .      SeeInvis +      - Unarmed
rCold   . . .      Faith    .    (shield currently unavailable)
rNeg    . . .      Spirit   .    v - melded +2 robe of the Bound Stars {rN+, Cun, Evo} (curse)
rPois   .          Reflect  .    (helmet currently unavailable)
rElec   .          Rampage  .    (cloak currently unavailable)
rCorr   +                        d - melded +0 pair of gloves "At What Cost Knowledge?" {Range, Comp} (curse)
Will    .....                    (boots currently unavailable)
Stlth   +++                      (no amulet)
HPRegen 0.29/turn                e - ring of the Celestial God {rCorr, Cun, Range} (curse)
MPRegen 0.12/turn                p - ring of Ashenzari's Adversity {rPois, Melee, Evo} (curse)

@: spider-form (expiring), wereblooded, very slightly contaminated, drained
A: venomous fangs, tiny, (nimble swimmer 2), (mertail), mutation resistance 1,
sense surroundings 1, noise suppression
a: End Transformation, Renounce Religion, Curse Item, Shatter the Chains


You were on level 6 of the Dungeon.
You worshipped Ashenzari.
Ashenzari was pleased with you.
You were a venomous arachnid creature.
You visited 1 branch of the dungeon, and saw 6 of its levels.
You also visited: Sewer.

You collected 223 gold pieces.

Inventory:

Missiles
 l - 11 poisoned darts
 n - 6 datura-tipped darts
Armour
 d - the cursed +0 pair of gloves "At What Cost Knowledge?" (melded) {Range, Comp}
   (You found it on level 1 of the Dungeon)

   It has a curse which improves the following skills: Ranged Combat: Ranged
   Weapons and Throwing.
   Companions: Summonings and Necromancy.
 i - a +0 ring mail of fire resistance
 v - the cursed +2 robe of the Bound Stars (melded) {rN+, Cun, Evo}
   (You took it off an orc wizard on level 5 of the Dungeon)

   It has a curse which improves the following skills: Cunning: Dodging and
   Stealth.
   Evocations: Evocations.
Jewellery
 e - the cursed ring of the Celestial God (left front pincers) {rCorr, Cun, Range}
   (You found it on level 1 of the Dungeon)

   [ring of resist corrosion]

   rCorr:     It protects you from acid and corrosion.
   It has a curse which improves the following skills: Cunning: Dodging and
   Stealth.
   Ranged Combat: Ranged Weapons and Throwing.
 p - a cursed ring of Ashenzari's Adversity (right front pincers) {rPois, Melee, Evo}
   (You found it on level 2 of the Dungeon)

   [ring of poison resistance]

   rPois:     It protects you from poison.
   It has a curse which improves the following skills: Melee Combat: Short
   Blades, Long Blades, Axes, Maces & Flails, Polearms, Staves and Unarmed
   Combat.
   Evocations: Evocations.
 q - a ring of magical power
Scrolls
 a - a scroll of enchant armour
 f - a scroll of fear
 m - a scroll of magic mapping
 o - a scroll of poison
 s - a scroll of enchant weapon
 u - a scroll of immolation
Potions
 b - a potion of lignification
 c - 2 potions of mutation
 g - 4 potions of curing
 h - a potion of flight
 j - a potion of heal wounds
 k - a potion of brilliance
 r - a potion of attraction
 t - a potion of cancellation


   Skills:
 - Level 3.2 Fighting
 - Level 6.2(7.4) Dodging
 + Level 2.8(3.8) Stealth
 - Level 8.7(9.9) Unarmed Combat
 - Level 2.0 Spellcasting
 - Level 4.4 Transmutations
 - Level 4.7 Poison Magic


You had 5 spell levels left.
You knew the following spells:

 Your Spells              Type           Power      Damage    Failure   Level
a - Beastly Appendage     Tmut           24%        N/A       13%         1
b - Wereblood             Tmut           12%        N/A       17%         2
c - Spider Form           Tmut/Pois      13%        N/A       28%         3

Your spell library contained the following spells:

 Spells                   Type           Power      Damage    Failure   Level
 Cigotuvi's Dreadful Rot  Necr/Pois/Air  10%        N/A       41%         2
 Apportation              Tloc           2%         N/A       47%         1
 Freeze                   Ice            4%         1d3       47%         1
 Necrotise                Necr           4%         1d4       47%         1
 Summon Small Mammal      Summ           4%         N/A       47%         1
 Dazzling Flash           Conj/Hex       2%         N/A       78%         3
 Frozen Ramparts          Ice            2%         1d1       78%         3
 Hailstorm                Conj/Ice       1%         3d3       78%         3
 Ice Form                 Ice/Tmut       7%         N/A       87%         4
 Dispel Undead            Necr           1%         3d6       98%         4
 Iskenderun's Mystic Bla  Conj/Tloc      1%         2d3       98%         4
 Death Channel            Necr           0%         N/A       100%        6
 Starburst                Conj/Fire      0%         6d3       100%        6


Dungeon Overview and Level Annotations

Branches:
Dungeon (6/15)              Sewer (visited)
 Temple: D:4-7

Altars:
Ashenzari
Cheibriados
Elyvilon
Hepliaklqana
Trog
Vehumet
Xom
Zin
The Shining One


Innate Abilities, Weirdness & Mutations

You are a venomous arachnid creature.
You have venomous fangs.
You are tiny and dextrous.
Your spellcasting is less reliable in this form.
Your armour is entirely melded.
You are incapable of wielding weapons or throwing items.
((You are very nimble when in or above water. (Stealth+, EV+, Speed+++)))
((Your lower body shifts to a powerful aquatic tail in water.))
You are somewhat resistant to further mutation.
You passively map a small area around you.
You passively dampen the noise of your surroundings.


Message History

Casting: Wereblood (safe; 17% risk of failure)
Confirm with . or Enter, or press ? or * to list all spells.
Your blood is infused with primal strength.
The adder hisses angrily.
Unknown command.
You barely miss the wight.
The wight hits you with a +0 short sword.
Unknown command.
You hit the wight but do no damage. The wight completely misses you.
Unknown command.
You bite the wight!
The wight is severely damaged.
The wight closely misses you. x2
The wight hits you with a +0 short sword!
You feel drained.
Unknown command.
You hit the wight.
You feel a bit better.
You destroy the wight!
The wight closely misses you. The wight misses you.
Your life force feels restored.
Unknown command.
You completely miss the wight.
The wight hits you with a +0 great sword!
The wight closely misses you.
Unknown command.
You bite the wight!
The wight is severely damaged.
Unknown command.
You hit the wight.
The wight is almost destroyed.
The wight hits you with a +5 falchion!
You feel drained.
The wight hits you with a +0 great sword!
Unknown command.
Your transformation is almost over.
Unknown command.
Unknown command.
The wight hits you with a +5 falchion!
* * * LOW HITPOINT WARNING * * *
You feel drained.
You die...

, ., ,, ,, ,,,.. ,$..
, , {,,....,, ,
######### ..... ,
#.......#......
#.......'......,,
#....zS)#......
#.<.s.z.######., ,
#........#...+.....#
#........'...#.....#
#.......##...#.....#,
#.......##...#.....#
#.......###'##.....##
#.......#............
#.......#............
#.......+..........>.


You could see 2 wights and an adder.

Vanquished Creatures
  A water moccasin (D:6)
  3 ogres (D:5)
  A black bear (D:3)
  An ice beast (D:5)
  2 kobold brigands
  2 scorpions (D:4)
  A bullfrog (D:5)
  A wight (D:6)
  2 howler monkeys
  4 hounds (D:5)
  An orc priest (D:5)
  3 iguanas
  7 orc wizards (D:5)
  4 gnolls (D:4)
  4 adders
  A white imp (D:5)
  4 worms
  2 dart slugs (D:3)
  3 orcs (D:5)
  7 bats
  6 endoplasms
  8 giant cockroaches
  8 goblins
  8 hobgoblins
  6 jackals
  3 quokkas
  11 ball pythons
  6 frilled lizards
  13 kobolds
  4 rats
127 creatures vanquished.

Vanquished Creatures (others)
  9 plants (D:3)
9 creatures vanquished.

Grand Total: 136 creatures vanquished

Notes
Turn   | Place    | Note
-------+----------+-------------------------------------------
     0 | D:1      | Lavandula the Merfolk Transmuter began the quest for the
                  | Orb.
     0 | D:1      | Reached XP level 1. HP: 15/15 MP: 3/3
   185 | D:1      | Reached XP level 2. HP: 17/21 MP: 3/5
   251 | D:1      | Reached skill level 4 in Unarmed Combat
   584 | D:1      | Learned a level 2 spell: Wereblood
   686 | D:1      | Reached XP level 3. HP: 26/26 MP: 4/6
  1279 | D:2      | Reached skill level 5 in Unarmed Combat
  1299 | D:2      | Learned a level 3 spell: Spider Form
  1322 | D:2      | You fall into a shaft and drop 2 floors!
  1477 | D:4      | Found a broken altar of Ashenzari.
  1492 | D:4      | Became a worshipper of Ashenzari the Shackled
  1575 | D:4      | Found a glowing golden altar of the Shining One.
  1653 | D:4      | Found a glowing drain.
  1667 | D:4      | Reached XP level 4. HP: 32/32 MP: 5/7
  1669 | Sewer    | Entered a sewer
  1728 | Sewer    | Noticed Pargi
  1739 | Sewer    | Gained mutation: You passively dampen the noise of your
                  | surroundings. [potion of mutation]
  1739 | Sewer    | Gained mutation: You passively map a small area around you.
                  | [potion of mutation]
  1739 | Sewer    | Gained mutation: You are somewhat resistant to further
                  | mutation. [potion of mutation]
  1982 | D:4      | Reached skill level 1 in Poison Magic
  2214 | D:4      | Noticed a kobold brigand
  2216 | D:4      | Noticed a scorpion
  2234 | D:4      | Killed a scorpion
  2235 | D:4      | Reached XP level 5. HP: 37/37 MP: 3/8
  2243 | D:4      | Killed a kobold brigand
  2244 | D:4      | Reached XP level 6. HP: 25/43 MP: 4/9
  2914 | D:2      | Found a shimmering altar of Xom.
  3231 | D:2      | Reached * piety under Ashenzari
  3805 | D:3      | Upgraded the game from 0.30-a0-954-gcf5f444c16 to
                  | 0.30-a0-989-g0d87f670db
  3814 | D:3      | Reached ** piety under Ashenzari
  3855 | D:3      | Noticed a black bear
  3866 | D:3      | Killed a black bear
  3867 | D:3      | Reached XP level 7. HP: 34/48 MP: 7/10
  3878 | D:3      | Identified the cursed +0 pair of gloves "At What Cost
                  | Knowledge?" {Range, Comp} (You found it on level 1 of the
                  | Dungeon)
  4056 | D:3      | Reached skill level 6 in Unarmed Combat
  4644 | D:5      | Entered Level 5 of the Dungeon
  4706 | D:5      | Reached skill level 7 in Unarmed Combat
  4945 | D:5      | Reached skill level 8 in Unarmed Combat
  5087 | D:5      | Reached XP level 8. HP: 54/54 MP: 8/11
  5230 | D:5      | Found a white marble altar of Elyvilon.
  5236 | D:5      | Identified the cursed +2 robe of the Bound Stars {rN+, Cun,
                  | Evo} (You took it off an orc wizard on level 5 of the
                  | Dungeon)
  5438 | D:5      | Found a glowing silver altar of Zin.
  5444 | D:5      | Found a hazy altar of Hepliaklqana.
  5445 | D:5      | Found a snail-covered altar of Cheibriados.
  5445 | D:5      | Found a radiant altar of Vehumet.
  5451 | D:5      | Found a bloodstained altar of Trog.
  6019 | D:5      | Reached skill level 5 in Dodging
  6253 | D:6      | Slain by a wight

Illustrated notes

Levels and vault maps discovered:
D:1:      shiori_arrival_maze, layout_basic
D:2:      layout_rooms, basic_altar, minmay_misc_feat_cross
D:3:      minmay_chambers_of_threes, layout_loops_cross, serial_bayou_lagoon_b
D:4:      layout_basic, cheibrodos_ashenzari_chains,
          nicolae_tso_carved_into_rock, cheibrodos_sewer_entry_bend
D:5:      layout_layer_cave, minitemple, nicolae_overflow_crystal_walls,
          minivault_24, minmay_a_box_with_orc_wizards_in_it
D:6:      layout_gridville, minmay_temple_entry_grid,
          hellmonk_ghost_happy_afterlife, kennysheep_generic_room_7

Skill      XL: |  1  2  3  4  5  6  7  8 |
---------------+-------------------------+-----
Unarmed Combat | 4 5 8 |  8.7
Transmutations | 3 4 |  4.4
Poison Magic   | 3 4 |  4.7
Fighting       | 3 |  3.2
Dodging        | 6 |  6.2
Stealth        | 2 |  2.8
Spellcasting   | |  2.0

Action                     |  1- 3 |  4- 6 |  7- 9 || total
---------------------------+-------+-------+-------++-------
  Melee: Unarmed           |   130 |   120 |   152 ||   402
         Headbutt          |    15 |       |       ||    15
         Punch             |     2 |       |     3 ||     5
         Tailslap          |       |     1 |       ||     1
   Cast: Beastly Appendage |    20 |     2 |       ||    22
         Spider Form       |       |    18 |    20 ||    38
         Wereblood         |       |       |     1 ||     1
 Invoke: Curse Item        |       |     3 |     1 ||     4
    Use: Potion            |       |     1 |       ||     1
   Stab: Sleeping          |     1 |     2 |     1 ||     4
 Armour: Robe              |    18 |    17 |     1 ||    36
         Skin              |       |     2 |     6 ||     8
  Dodge: Dodged            |    64 |   103 |   111 ||   278

Table legend: (Time is in decaauts)
 A = Elapsed time spent in this place.
 B = Non-inter-level travel time spent in this place.
 C = Inter-level travel time spent in this place.
 D = Time resting spent in this place.
 E = Time spent auto-exploring this place.
 F = Levels seen in this place.
 G = Mean time per level.
                   A        B        C        D        E       F      G
               +--------+--------+--------+--------+--------+-----+--------+
         Total |   6153 |   5855 |    298 |    304 |   4150 |   7 |  879.0 |
       Dungeon |   5893 |   5595 |    298 |    304 |   4150 |   6 |  982.2 |
         Sewer |    259 |    259 |      0 |      0 |      0 |   1 |  259.0 |
               +--------+--------+--------+--------+--------+-----+--------+

Top non-repeatable levels by time:
     D:4: 1537 daAuts
     D:5: 1489 daAuts
     D:1: 1149 daAuts
     D:3: 954 daAuts
     D:2: 664 daAuts
   Sewer: 259 daAuts
     D:6: 99 daAuts
